 Dungeon Crawl Stone Soup version 0.30-a0-743-gbfdf073431 (webtiles) character file.

Game seed: 13729609388523931832

166522 dricus the Executioner (level 17, -2/252 HPs)
             Began as a Minotaur Berserker on Feb 4, 2023.
             Was the Champion of Trog.
             Killed by divine providence
             ... invoked by a meliai
              (13 damage)
             ... on level 14 of the Dungeon on Feb 6, 2023.
             The game lasted 00:40:36 (21845 turns).

dricus the Executioner (Minotaur Berserker)        Turns: 21845, Time: 00:40:37

Health: -2/252     AC: 29    Str: 32    XL:     17   Next: 29%
Magic:  16/16      EV: 10    Int:  4    God:    Trog [******]
Gold:   654        SH:  0    Dex: 11    Spells: 16/16 levels left

rFire   + + +      SeeInvis .    a - +5 executioner's axe (elec)
rCold   + . .      Faith    .    (shield currently unavailable)
rNeg    . . .      Spirit   .    E - +5 gold dragon scales
rPois   +          Reflect  .    I - +2 hat
rElec   +          Harm     .    c - +1 cloak
rCorr   +          Rampage  .    (no gloves)
Will    +....                    n - +0 pair of boots Stlth
                                 e - amulet of regeneration
HPRegen 1.42/turn                K - ring "Benkeopt" {Fly rElec rF++ Str+3 Stlth+}
MPRegen 0.15/turn                y - ring "Ustra" {Fly rPois rCorr}

@: berserking, flying, very quick
A: horns 2, retaliatory headbutt
a: Renounce Religion, Berserk, Trog's Hand, Brothers in Arms


You were on level 14 of the Dungeon.
You worshipped Trog.
Trog was exalted by your worship.
You visited 3 branches of the dungeon, and saw 21 of its levels.
You also visited: Sewer and Ossuary.

You collected 2288 gold pieces.
You spent 1634 gold pieces at shops.

Inventory:

Hand Weapons
 a - a +5 executioner's axe of electrocution (weapon)
   (Trog gifted it to you on level 9 of the Dungeon)
 b - a +1 executioner's axe of flaming
   (Trog gifted it to you on level 11 of the Dungeon)
Missiles
 o - 10 javelins
 r - 6 silver javelins (quivered)
 A - a throwing net {!f}
 G - 8 curare-tipped darts {!f}
 L - 30 poisoned darts
Armour
 c - a +1 cloak (worn)
   (You found it on level 1 of the Dungeon)
 n - a +0 pair of boots (worn)
   (You found it on level 2 of the Dungeon)
 E - +5 gold dragon scales (worn)
   (You bought it in a shop on level 4 of the Dungeon)
 I - a +2 hat (worn)
   (You took it off Gastronok on level 8 of the Dungeon)
Jewellery
 e - an amulet of regeneration (around neck)
   (You found it on level 3 of the Lair of Beasts)
 y - the ring "Ustra" (right hand) {Fly rPois rCorr}
   (You bought it in a shop on level 2 of the Orcish Mines)

   [ring of flight]

   rPois:     It protects you from poison.
   Fly:       It grants you flight.
   rCorr:     It protects you from acid and corrosion.
 B - an amulet of reflection
   (You took it off a gnoll on level 9 of the Dungeon)
 K - the ring "Benkeopt" (left hand) {Fly rElec rF++ Str+3 Stlth+}
   (You found it on level 1 of the Lair of Beasts)

   [ring of flight]

   Str:       It affects your strength (+3).
   rF:        It greatly protects you from fire.
   rElec:     It insulates you from electricity.
   Fly:       It grants you flight.
   Stlth:     It makes you more stealthy.
Wands
 t - a wand of flame (11)
   (You took it off Lodul on level 13 of the Dungeon)
 v - a wand of digging (1)
   (You took it off Maurice on level 10 of the Dungeon)
 x - a wand of acid (14)
   (You found it on level 4 of the Dungeon)
 F - a wand of charming (8)
   (You found it on level 9 of the Dungeon)
 H - a wand of polymorph (4)
   (You found it on level 10 of the Dungeon)
 M - a wand of roots (4)
   (You found it on level 5 of the Lair of Beasts)
Scrolls
 h - 8 scrolls of teleportation {@r4}
 i - 3 scrolls of identify {@r1}
 k - a scroll of blinking
 s - 4 scrolls of vulnerability {!r}
 w - 2 scrolls of immolation {!r}
 C - 2 scrolls of fear
 D - 3 scrolls of magic mapping
Potions
 d - 4 potions of attraction {!q}
 f - 6 potions of might
 g - 8 potions of brilliance
 j - 5 potions of curing {@q1}
 l - 5 potions of flight
 m - 3 potions of haste {@q3}
 p - 11 potions of heal wounds {@q2}
 q - 3 potions of magic
 u - 4 potions of mutation {!q}
 z - 2 potions of invisibility
 J - 2 potions of resistance


   Skills:
 * Level 19.5 Fighting
 - Level 24.0 Axes
 + Level 11.0 Armour
 + Level 10.9 Dodging


You had 16 spell levels left.
You didn't know any spells.
Your spell library was empty.

Dungeon Overview and Level Annotations

Branches:
Dungeon (14/15)            Temple (0/1) D:5            Lair (5/5) D:8
 Shoals (0/4) Lair:2        Snake (0/4) Lair:3        Slime (0/5) Lair:4
    Orc (2/2) D:9             Elf (0/3) Orc:2        Vaults (0/5) D:13
  Sewer (visited)         Ossuary (visited)

Altars:
Ashenzari
Cheibriados
Dithmenos
Elyvilon
Fedhas
Kikubaaqudgha
Okawaru
Qazlal
Ru
Trog
Vehumet
Zin
The Shining One
Lugonu

Shops:
D:1 =((   D:2 (   D:4 [   D:8 *   D:10 =   D:14 [   Orc:2 ?**=

Portals:
Abyss: Lair:5
Ice
Cave: D:14

Annotations:
Lair:3 exclusion: 2 oklob plants


Innate Abilities, Weirdness & Mutations

You have a pair of horns on your head.
You reflexively headbutt those who attack you in melee.


Message History

* * * LOW HITPOINT WARNING * * *
Unknown command.
You slash the alligator simulacrum!
The centaur warrior shoots an arrow.
The arrow hits you!
* * * LOW HITPOINT WARNING * * *
The alligator simulacrum bites you!
* * * LOW HITPOINT WARNING * * *
The alligator simulacrum freezes you! You resist.
* * * LOW HITPOINT WARNING * * *
The alligator simulacrum tail-slaps you but does no damage.
Unknown command.
You feel better.
The tengu warrior hits you from afar with a +0 bardiche.
* * * LOW HITPOINT WARNING * * *
The alligator simulacrum bites you but does no damage.
The alligator simulacrum tail-slaps you.
* * * LOW HITPOINT WARNING * * *
The alligator simulacrum freezes you! You resist.
* * * LOW HITPOINT WARNING * * *
Unknown command.
You feel better.
The centaur warrior unwields a +0 shortbow.
The centaur warrior closely misses you. The centaur warrior kicks you.
* * * LOW HITPOINT WARNING * * *
The tengu warrior hits you but does no damage.
The alligator simulacrum bites you but does no damage.
The alligator simulacrum barely misses you.
The meliai mumbles some strange prayers to its god against you.
Something smites you!
* * * LOW HITPOINT WARNING * * *
The centaur warrior barely misses you. The centaur warrior closely misses you.
Unknown command.
Unknown command.
A red film seems to cover your vision as you go berserk!
You feel yourself moving faster!
You feel mighty! The centaur warrior closely misses you.
The centaur warrior kicks you but does no damage.
The tengu warrior hits you from afar with a +0 bardiche.
* * * LOW HITPOINT WARNING * * *
The alligator simulacrum bites you but does no damage.
The alligator simulacrum tail-slaps you but does no damage.
Unknown command.
You slice the alligator simulacrum!! Trog accepts your kill.
You slash the centaur warrior!
The centaur warrior completely misses you.
The centaur warrior kicks you but does no damage.
The meliai invokes the aid of its god against you.
Something smites you!
You die...

***####* *,.....** **
*,.....,******** ,***
*y.∩...,**,,,,,, ,,,**####*
*#ZZ....,**,***** **,,,,..)*
######cQZy...,,,,* *
******#.###....@☼#**************
#...#.###### *,,,, ###....#
***,,,, ***####...#.## *,,,,,,
,,,......)#.#########******,*,,,,
**,..>⌠.⌠)...........,,,,,,,,,,,,
,*,....∩.###..######*******,*,,,,
,**##.⌠.⌠* ##...# *,,***** ,*
#.>,****###.# ***,**


You could see a tengu warrior, a centaur warrior, 2 meliai, 2 lindwurm simulacra
and a spriggan defender simulacrum.

Vanquished Creatures
  Gastronok (D:8)
  Snorg (Lair:5)
  Josephine (Orc:2)
  A yaktaur captain (D:13)
  5 hydras
  Erica (D:9)
  A boulder beetle (D:11)
  3 centaur warriors
  3 two-headed ogres
  11 death yaks
  9 orc high priests (Orc:2)
  A soul eater (D:13)
  A sun demon (D:13)
  Nergalle (D:11)
  3 thrashing horrors (Lair:5)
  A sixfirhy (D:13)
  Lodul (D:13)
  A lindwurm (Lair:2)
  An obsidian statue (D:12)
  An orc knight (Orc:1)
  An orc sorcerer (Orc:1)
  An oklob plant (Lair:3)
  2 manticores
  12 ugly things
  2 cyclopes (D:11)
  4 rust devils (D:13)
  5 black mambas
  15 elephants
  Maurice (D:10)
  An ice statue (D:12)
  2 orange demons (D:13)
  2 smoke demons
  17 cane toads
  4 rime drakes
  2 gargoyles
  2 kobold demonologists (D:11)
  An unseen horror (D:11)
  2 yaktaurs (D:13)
  An efreet (D:13)
  10 komodo dragons
  2 tengu conjurers (D:13)
  2 anaconda simulacra (D:14)
  2 red devils (D:13)
  3 hellwings (D:13)
  A meliai (shapeshifter) (D:13)
  A wind drake (Lair:2)
  An ancient zyme (Lair:5)
  7 trolls
  A polar bear (Lair:3)
  A hornet (D:8)
  A meliai (D:14)
  Grinder (D:6)
  15 blink frogs (Lair:5)
  Sigmund (D:2)
  11 slime creatures
  A large abomination (Lair:5)
  A spriggan (shapeshifter) (D:13)
  The ghost of WasteTime5 the Reanimator, an amateur DENe (D:5)
  Eustachio (D:5)
  5 basilisks
  7 wraiths
  A shadow (D:11)
  8 ynoxinuls
  A hog (shapeshifter) (D:12)
  59 yaks
  5 wyverns
  2 chaos spawn (D:13)
  2 neqoxecs (D:13)
  4 steam dragons
  A minotaur simulacrum (D:14)
  9 vampire mosquitoes
  3 nagas (Lair:3)
  A swamp worm (shapeshifter) (Lair:5)
  7 wargs
  Edmund (D:6)
  An acid dragon (D:8)
  3 swamp worms (Lair:5)
  12 water moccasins
  3 sky beasts (D:7)
  2 alligator simulacra (D:14)
  An ice beast (D:6)
  18 orc warriors
  16 ogres
  7 black bears
  30 wolves
  10 centaurs
  A phantom (D:7)
  2 elf zombies (Ossuary)
  9 bullfrogs
  4 kobold brigands
  2 necrophages
  2 gnoll sergeants
  8 scorpions
  3 wights (D:6)
  12 killer bees
  5 electric eels
  A howler monkey (D:8)
  4 centaur zombies (Ossuary)
  10 jellies
  30 orc priests
  12 small abominations (Lair:5)
  2 gnoll boudas
  3 hounds
  5 iguanas
  18 orc wizards
  2 mummies (Ossuary)
  15 gnolls
  11 adders
  A white imp (D:6)
  An ufetubus (D:6)
  3 worms
  4 dart slugs
  75 orcs
  8 ball pythons
  7 endoplasms
  6 giant cockroaches
  9 goblins
  8 hobgoblins
  16 jackals
  17 kobolds
  4 quokkas
  5 bats
  11 frilled lizards
  3 goblin zombies (Ossuary)
  6 hobgoblin zombies (Ossuary)
  A jackal zombie (Ossuary)
  12 kobold zombies (Ossuary)
  8 orc zombies (Ossuary)
  3 rats (D:1)
  A rat zombie (Ossuary)
778 creatures vanquished.

Vanquished Creatures (others)
  A rust devil (D:13)
  A gnoll (D:7)
  3 demonic plants (D:13)
  34 fungi
  33 plants
72 creatures vanquished.

Grand Total: 850 creatures vanquished

Notes
Turn   | Place    | Note
-------+----------+-------------------------------------------
     0 | D:1      | dricus the Minotaur Berserker began the quest for the Orb.
     0 | D:1      | Reached XP level 1. HP: 19/19 MP: 0/0
    83 | D:1      | Reached skill level 4 in Axes
    85 | D:1      | Reached XP level 2. HP: 24/27 MP: 1/1
   146 | D:1      | Found a faded altar of an unknown god.
   202 | D:1      | Reached ** piety under Trog
   213 | D:1      | Reached XP level 3. HP: 28/33 MP: 2/2
   289 | D:1      | Found Ickoax Fero's Jewellery Boutique.
   290 | D:1      | Found Izamyts's Weapon Shoppe.
   400 | D:1      | Found Ipoas's Jewellery Shoppe.
   550 | D:1      | Found Remocs's Weapon Boutique.
   644 | D:2      | Reached skill level 5 in Axes
   814 | D:2      | Noticed Sigmund
   821 | D:2      | Killed Sigmund
   822 | D:2      | Reached skill level 5 in Fighting
   822 | D:2      | Reached skill level 6 in Axes
   822 | D:2      | Reached XP level 4. HP: 42/42 MP: 3/3
   822 | D:2      | Reached XP level 5. HP: 48/48 MP: 4/4
  1086 | D:2      | Found Aroatuad's Weapon Shop.
  1195 | D:3      | Found an ancient bone altar of Kikubaaqudgha.
  1195 | D:3      | Found a glowing golden altar of the Shining One.
  1408 | D:3      | Reached skill level 7 in Axes
  1410 | D:3      | Reached XP level 6. HP: 55/56 MP: 5/5
  1466 | D:3      | Reached *** piety under Trog
  1746 | D:4      | Found a sand-covered staircase.
  1752 | Ossuary  | Entered an ossuary
  1942 | Ossuary  | Reached skill level 8 in Axes
  1947 | Ossuary  | Reached **** piety under Trog
  1954 | Ossuary  | Reached XP level 7. HP: 45/63 MP: 6/6
  2204 | D:4      | Found a radiant altar of Vehumet.
  2296 | D:4      | Found Li Ji's Dragon-Slaying Spoils.
  2375 | D:4      | Reached skill level 9 in Axes
  2440 | D:4      | Found a blossoming altar of Fedhas.
  3064 | D:5      | Entered Level 5 of the Dungeon
  3082 | D:5      | Found a white marble altar of Elyvilon.
  3187 | D:5      | Found a staircase to the Ecumenical Temple.
  3310 | D:5      | Reached XP level 8. HP: 73/73 MP: 7/7
  3460 | D:5      | Reached skill level 10 in Axes
  3464 | D:5      | Found a stormy altar of Qazlal.
  3665 | D:5      | Found a shadowy altar of Dithmenos.
  3722 | D:5      | Found a snail-covered altar of Cheibriados.
  3802 | D:5      | Found an iron altar of Okawaru.
  3802 | D:5      | Noticed Eustachio
  3880 | D:5      | Killed Eustachio
  3881 | D:5      | Reached skill level 11 in Axes
  3995 | D:5      | Found a runed translucent door.
  3998 | D:5      | Noticed WasteTime5's ghost (amateur DENe)
  4291 | D:5      | Killed WasteTime5's ghost
  4410 | D:6      | Found a sacrificial altar of Ru.
  4469 | D:6      | Reached skill level 12 in Axes
  4469 | D:6      | Reached XP level 9. HP: 62/82 MP: 8/8
  4499 | D:6      | Found a glowing drain.
  4592 | Sewer    | Entered a sewer
  4686 | Sewer    | Reached ***** piety under Trog
  4758 | Sewer    | Found a shimmering altar of Xom.
  5303 | D:6      | Noticed Grinder
  5312 | D:6      | Killed Grinder
  5452 | D:6      | Reached skill level 13 in Axes
  5480 | D:6      | Noticed Edmund
  5489 | D:6      | Killed Edmund
  5635 | D:7      | Reached skill level 10 in Fighting
  5974 | D:7      | Reached skill level 14 in Axes
  6455 | D:7      | Found a broken altar of Ashenzari.
  6582 | D:8      | Reached XP level 10. HP: 94/94 MP: 9/9
  6594 | D:8      | Found a staircase to the Lair.
  7296 | D:8      | HP: 4/97 [electric eel/bolt of electricity (10)]
  7696 | D:8      | Found Ycihamm's Assorted Antiques.
  7725 | D:8      | Reached skill level 5 in Armour
  8219 | D:9      | Found a staircase to the Orcish Mines.
  8331 | D:9      | Reached skill level 5 in Dodging
  8394 | D:9      | Noticed a two-headed ogre
  8406 | D:9      | Killed a two-headed ogre
  8680 | D:9      | Noticed Gastronok
  8685 | D:8      | Upgraded the game from 0.30-a0-739-gea05faddec to
                  | 0.30-a0-743-gbfdf073431
  8785 | D:8      | Killed Gastronok
  8786 | D:8      | Reached XP level 11. HP: 107/107 MP: 10/10
  8940 | D:9      | Found a bloodstained altar of Trog.
  8972 | D:9      | Received a gift from Trog
  9023 | D:9      | Noticed Erica
  9031 | D:9      | Killed Erica
  9317 | D:10     | Entered Level 10 of the Dungeon
  9329 | D:10     | Found Paroshro's Jewellery Shoppe.
  9682 | D:10     | Found a glowing silver altar of Zin.
  9926 | D:10     | Noticed Maurice
  9933 | D:10     | Killed Maurice
 10248 | Lair:1   | Entered Level 1 of the Lair of Beasts
 10263 | Lair:1   | Reached skill level 15 in Axes
 10663 | Lair:1   | Reached XP level 12. HP: 80/117 MP: 11/11
 11156 | Lair:1   | Identified the +7 dagger "ETAOIN SHRDLU" {freeze, rCorr
                  | Str+5 Int+4 Stlth+}
 11394 | Lair:1   | Identified the ring "Benkeopt" {Fly rElec rF++ Str+3
                  | Stlth+}
 11479 | Lair:2   | Received a gift from Trog
 11566 | Lair:2   | Noticed a death yak
 11568 | Lair:2   | Noticed a death yak
 11568 | Lair:2   | Noticed a death yak
 11569 | Lair:2   | Noticed a death yak
 11569 | Lair:2   | Noticed a death yak
 11581 | Lair:2   | Killed a death yak
 11584 | Lair:2   | Killed a death yak
 11585 | Lair:2   | Reached skill level 16 in Axes
 11587 | Lair:2   | Killed a death yak
 11589 | Lair:2   | Killed a death yak
 11591 | Lair:2   | Killed a death yak
 11961 | Lair:2   | Identified the +1 leather armour of Pandemonium {Fly rC++}
 12023 | Lair:2   | Reached skill level 15 in Fighting
 12054 | Lair:2   | Found a staircase to the Shoals.
 12474 | Lair:3   | Reached skill level 17 in Axes
 12474 | Lair:3   | Reached skill level 10 in Armour
 12856 | Lair:3   | Reached XP level 13. HP: 127/127 MP: 12/12
 12952 | Lair:3   | Found a staircase to the Snake Pit.
 13719 | Lair:3   | Received a gift from Trog
 13841 | Lair:4   | Found a staircase to the Slime Pits.
 13853 | Lair:4   | Reached skill level 10 in Dodging
 13886 | Lair:4   | Reached skill level 18 in Axes
 14414 | Lair:4   | Found a shadowy altar of Dithmenos.
 14652 | Lair:5   | Entered Level 5 of the Lair of Beasts
 14683 | Lair:5   | Reached skill level 19 in Axes
 15082 | Lair:5   | Found an iron altar of Okawaru.
 15488 | Lair:5   | Reached XP level 14. HP: 122/138 MP: 13/13
 15498 | Lair:5   | Received a gift from Trog
 15926 | Lair:5   | Noticed Snorg
 15940 | Lair:5   | Killed Snorg
 15941 | Lair:5   | Reached skill level 20 in Axes
 16704 | Lair:5   | Found a corrupted altar of Lugonu.
 16704 | Lair:5   | Found a one-way gate to the infinite horrors of the Abyss.
 16709 | Lair:5   | Identified the +7 scimitar of the Bear {flame, +Blink Int+2
                  | SInv}
 16719 | Lair:5   | Reached skill level 21 in Axes
 16719 | Lair:5   | Reached XP level 15. HP: 147/147 MP: 14/14
 16720 | Lair:5   | Reached skill level 22 in Axes
 16720 | Lair:5   | Reached XP level 16. HP: 155/155 MP: 15/15
 17032 | Orc:1    | Entered Level 1 of the Orcish Mines
 17269 | Orc:2    | Entered Level 2 of the Orcish Mines
 17277 | Orc:2    | Noticed Josephine
 17289 | Orc:2    | Killed Josephine
 17539 | Orc:2    | Received a gift from Trog
 17544 | Orc:2    | Reached skill level 23 in Axes
 17850 | Orc:1    | Reached ****** piety under Trog
 17989 | Orc:2    | Found Iciteem's Magic Scroll Emporium.
 18018 | Orc:2    | Found Roppaucw's General Store.
 18090 | Orc:2    | Found Zysuusou's General Store.
 18220 | Orc:2    | Found Qoym's Jewellery Shop.
 18411 | Orc:2    | Found a staircase to the Elven Halls.
 18817 | D:4      | Bought +0 gold dragon scales for 1120 gold pieces
 18996 | Orc:2    | Bought the ring "Ustra" {Fly rPois rCorr} for 514 gold
                  | pieces
 19106 | D:11     | Noticed Nergalle
 19122 | D:11     | Killed Nergalle
 19410 | D:11     | Received a gift from Trog
 20924 | D:13     | Noticed Lodul
 20931 | D:13     | Reached skill level 24 in Axes
 20933 | D:13     | Killed Lodul
 21005 | D:13     | Reached XP level 17. HP: 143/166 MP: 16/16
 21197 | D:13     | Found a gate to the Vaults.
 21513 | D:13     | Received a gift from Trog
 21803 | D:14     | Found Yrojaf's Antique Armour Boutique.
 21830 | D:14     | Found a frozen archway.
 21844 | D:14     | HP: 10/252 [tengu warrior/+0 bardiche (5)]
 21845 | D:14     | Killed from afar by a meliai

Illustrated notes

Levels and vault maps discovered:
D:1:      amcnicky_arrival_flooded_fountain, layout_basic, serial_shops,
          nicolae_shop_behind_doors, nicolae_shop_hallway_stairs,
          nicolae_shop_window_shopping, nicolae_shop_bloodbath_and_beyond,
          basic_ecumenical_altar, minmay_distorted
D:2:      layout_rooms, serial_shops, nicolae_shop_hallway_plus, uniq_sigmund
D:3:      cheibrodos_old_hovel, layout_rooms,
          chequers_temple_overflow_statue_of_worship
D:4:      layout_gridville, lemuel_round_altar, nicolae_vehumet_radiance,
          enter_ossuary_2, nicolae_shop_dragon_depot
D:5:      layout_loops_corners, nicolae_dithmenos_the_darkroom,
          elyvilon_altar_4, grunt_qazlal_clouds, mainiacjoe_overflow_brackets,
          mainiacjoe_overflow_six_doors_small, minmay_temple_entry_wispy,
          ebering_ghost_reflecting_pool, eino_small_chamber_without_monster,
          uniq_eustachio
D:6:      layout_rooms, mainiacjoe_overflow_boulevard,
          cheibrodos_sewer_entry_bend, grunt_ministairs_15, uniq_grinder,
          uniq_edmund
D:7:      layout_rooms, nicolae_ashenzari_panopticon
D:8:      layout_basic, due_lair_maze_entry_diamond, serial_shops,
          kennysheep_mini, chequers_big_river
D:9:      layout_rooms, trog_three_pillars_becter, orc_0_dummy, uniq_erica,
          uniq_gastronok
D:10:     layout_roguey, zin_treasury, kennysheep_small_circle, uniq_maurice
D:11:     kennysheep_blocky_hall, layout_long_grid, uniq_nergalle
D:12:     minmay_separated_statues, layout_loops_ring
D:13:     layout_roguey, david_vaults_2, serial_demonic, serial_demonic_b,
          serial_demonic_f, serial_demonic_d, serial_demonic_a,
          serial_demonic_e, serial_demonic_c, serial_demonic_b,
          serial_demonic_a, minmay_misc_feat_diagonals, uniq_lodul
D:14:     layout_rooms, serial_shops, shop_fountains,
          portal_ice_cave_entry_ice_simulacra, nicolae_benzene_ring
Lair:1:   statuecave_lemuel, layout_gridlike, grunt_megastairs_5,
          infiniplex_staircase_pool, lemuel_fruit_tree
Lair:2:   layout_roguey, minmay_shoals_entry_beasts, infiniplex_staircase_pool_2
Lair:3:   minmay_lair_oklob_chamber, layout_gridlike,
          guppyfry_snake_entry_garden
Lair:4:   layout_gridlike, nicolae_slime_entry_field_trip, lemuel_centaur_altar
Lair:5:   hellmonk_lair_end_abyssal_woods, layout_hall_layers, basic_altar,
          worms_lemuel, uniq_snorg
Orc:1:    layout_diamond_mine
Orc:2:    st_orc_town, layout_caves, abandoned_shop, uniq_josephine

Skill      XL: |  1  2  3  4  5  6  7  8  9 10 11 12 13 14 15 16 17 |
---------------+----------------------------------------------------+-----
Axes           | 4 6 7 8 9 12 14 15 17 19 21 22 24 | 24.0
Fighting       | 4 5 6 7 8 10 13 14 15 16 17 18 19 | 19.5
Armour         | 3 6 8 10 11 | 11.0
Dodging        | 5 7 9 10 | 10.9

Action                     |  1- 3 |  4- 6 |  7- 9 | 10-12 | 13-15 | 16-18 || total
---------------------------+-------+-------+-------+-------+-------+-------++-------
  Melee: Hand axe          |    80 |   126 |   358 |   177 |       |       ||   741
         Headbutt          |    15 |    22 |    67 |    74 |    53 |    85 ||   316
         Punch             |       |     1 |     1 |     1 |       |       ||     3
         Executioner's axe |       |       |       |   192 |   230 |   433 ||   855
         Battleaxe         |       |       |       |       |    12 |       ||    12
  Throw: Javelin           |       |       |     2 |       |       |       ||     2
 Invoke: Berserk           |     1 |     1 |     1 |     1 |     2 |     1 ||     7
         Trog's Hand       |     1 |       |     3 |       |     2 |     3 ||     9
  Evoke: Wand              |       |       |       |     2 |       |       ||     2
    Use: Scroll            |       |    10 |     4 |    14 |     3 |     7 ||    38
         Potion            |       |       |     2 |     2 |     3 |     3 ||    10
   Stab: Distracted        |       |       |       |       |       |     1 ||     1
 Armour: Animal skin       |    20 |    41 |     6 |       |       |       ||    67
         Ring mail         |       |       |    17 |       |       |       ||    17
         Scale mail        |       |       |    30 |       |       |       ||    30
         Plate armour      |       |       |    36 |   142 |   185 |    55 ||   418
         Gold dragon scale |       |       |       |       |       |   205 ||   205
  Dodge: Dodged            |    49 |    71 |   216 |   222 |   137 |   149 ||   844
  Block: Other             |       |       |       |    39 |    69 |    22 ||   130
         Reflection        |       |       |       |     3 |     4 |       ||     7

Table legend: (Time is in decaauts)
 A = Elapsed time spent in this place.
 B = Non-inter-level travel time spent in this place.
 C = Inter-level travel time spent in this place.
 D = Time resting spent in this place.
 E = Time spent auto-exploring this place.
 F = Levels seen in this place.
 G = Mean time per level.
                   A        B        C        D        E       F      G
               +--------+--------+--------+--------+--------+-----+--------+
         Total |  21704 |  20021 |   1683 |   2425 |  13594 |  23 |  943.7 |
       Dungeon |  12493 |  11221 |   1272 |   1064 |   7650 |  14 |  892.4 |
          Lair |   6780 |   6535 |    245 |   1079 |   4536 |   5 | 1356.0 |
  Orcish Mines |   1746 |   1582 |    164 |    176 |   1087 |   2 |  873.0 |
         Sewer |    309 |    309 |      0 |      0 |    211 |   1 |  309.0 |
       Ossuary |    373 |    373 |      0 |    105 |    110 |   1 |  373.0 |
               +--------+--------+--------+--------+--------+-----+--------+

Top non-repeatable levels by time:
  Lair:5: 2254 daAuts
     D:8: 2189 daAuts
     D:5: 1474 daAuts
  Lair:3: 1355 daAuts
  Lair:1: 1237 daAuts
   Orc:2: 1035 daAuts
  Lair:2: 1024 daAuts
     D:4: 986 daAuts
    D:11: 981 daAuts
     D:7: 958 daAuts
  Lair:4: 909 daAuts
    D:12: 870 daAuts
     D:9: 787 daAuts
    D:10: 782 daAuts
     D:6: 776 daAuts
